 Dungeon Crawl Stone Soup version 0.28-a0-1485-g077359a4bf (webtiles) character file.

Game seed: 14626710192642861596

187 kae the Magician (level 5, 0/40 HPs)
             Began as a Draconian Transmuter on Jan 11, 2022.
             Slain by Pargi (1 damage)
             ... in a sewer.
             The game lasted 00:02:18 (4721 turns).

kae the Magician (Draconian Transmuter)             Turns: 4721, Time: 00:02:18

Health: 0/40       AC:  2    Str: 12    XL:     5   Next: 39%
Magic:  7/10       EV: 19    Int: 15    God:
Gold:   630        SH:  0    Dex: 17    Spells: 2/10 levels left

rFire   . . .      SeeInvis .     - Unarmed
rCold   . . .      Faith    .   (shield currently unavailable)
rNeg    . . .      Spirit   .   (armour unavailable)
rPois   x          Reflect  .   (helmet currently unavailable)
rElec   .          Harm     .   (cloak currently unavailable)
rCorr   .          Rampage  .   (gloves currently unavailable)
Will    .....                   (boots currently unavailable)
Stlth   ++........              (no amulet)
HPRegen 0.13/turn               (no ring)
MPRegen 0.12/turn               (no ring)

@: spider-form
A: venomous fangs, AC +5, tiny, unfitting armour, (cold-blooded)
a: End Transformation


You were in a sewer.
You were a venomous arachnid creature.
You visited 1 branch of the dungeon, and saw 3 of its levels.
You also visited: Sewer.

You collected 630 gold pieces.

Inventory:

Hand Weapons
 b - a +1 short sword of flaming (melded)
Jewellery
 j - a +6 ring of strength
Potions
 c - 2 potions of attraction
 d - a potion of flight
 f - a potion of heal wounds {unknown}
 i - a potion of might {unknown}


   Skills:
 - Level 1.1 Fighting
 - Level 1.7 Dodging
 - Level 3.0 Unarmed Combat
 + Level 3.3 Spellcasting
 - Level 3.1 Transmutations
 * Level 0.3 Ice Magic
 * Level 3.3 Poison Magic


You had 2 spell levels left.
You knew the following spells:

 Your Spells              Type           Power      Damage    Failure   Level
a - Beastly Appendage     Tmut           22%        N/A       16%         1
b - Spider Form           Tmut/Pois      12%        N/A       34%         3
c - Ice Form              Ice/Tmut       7%         N/A       85%         4

Your spell library contained the following spells:

 Spells                   Type           Power      Damage    Failure   Level
 Wereblood                Tmut           11%        N/A       22%         2
 Inner Flame              Hex/Fire       2%         N/A       71%         3
 Cause Fear               Hex            1%         N/A       96%         4
 Discord                  Hex            1%         N/A       100%        8


Dungeon Overview and Level Annotations

Branches:
Dungeon (3/15)              Sewer (1/1)

Altars:

Shops:
D:3 [

Annotations:
Sewer Pargi


Innate Abilities, Weirdness & Mutations

You are a venomous arachnid creature.
You have poisonous fangs.
You are tiny and dextrous.
Your spellcasting is less reliable in this form.
Your armour is entirely melded.
You are incapable of wielding weapons or throwing items.
((Your plain brown scales are hard. (AC +5)))
You cannot fit into any form of body armour.
((You are cold-blooded and may be slowed by cold attacks.))


Message History

Pargi is moderately wounded.
Your transformation has ended.
Your +1 short sword of flaming unmelds from your body.
Your +1 short sword of flaming bursts into flame!
Pargi barely misses you. x2; Pargi claws you.
Pargi is nearby!
You miss Pargi.
Pargi is moderately wounded.
Pargi closely misses you. Pargi claws you but does no damage.
Pargi closely misses you.
You closely miss Pargi.
Pargi is moderately wounded.
Pargi bites you. Pargi misses you. Pargi barely misses you.
Casting: Spider Form (dangerous; 16% risk of failure)
Confirm with . or Enter, or press ? or * to list all spells.
You turn into a venomous arachnid creature.
Your +1 short sword of flaming melds into your body.
Your +1 short sword of flaming stops flaming.
Pargi bites you! Pargi claws you. Pargi claws you but does no damage.
Pargi bites you! Pargi barely misses you. x2
You closely miss Pargi.
Pargi is heavily wounded.
Pargi bites you!
* * * LOW HITPOINT WARNING * * *
Pargi closely misses you. Pargi barely misses you.
You closely miss Pargi.
Pargi is heavily wounded.
Pargi closely misses you. Pargi misses you. x2
Okay, then.
You barely miss Pargi.
Pargi is heavily wounded.
Pargi bites you.
* * * LOW HITPOINT WARNING * * *
Pargi closely misses you. Pargi claws you but does no damage.
You completely miss Pargi.
Pargi is heavily wounded.
Pargi bites you.
* * * LOW HITPOINT WARNING * * *
Pargi barely misses you. Pargi claws you.
You die...

#∩# #.#
#+##+##.##+##+##+#
.................#
≈≈≈≈≈≈≈.≈≈≈≈≈≈≈≈≈#
≈≈≈≈≈≈≈∩≈≈≈≈≈≈≈≈≈#
≈≈≈≈≈≈≈.≈≈≈≈≈≈≈≈≈#
.................#
#+##+##)##s##+##+#
#.##T# #)##!#
######


You could see Pargi (very poisoned).

Vanquished Creatures
  Natasha (thrice) (D:1)
  5 adders
  A river rat (D:3)
  2 worms
  2 dart slugs
  7 ball pythons
  6 endoplasms
  4 giant cockroaches
  4 goblins
  3 hobgoblins
  7 kobolds
  3 quokkas
  A bat (D:2)
  A frilled lizard (D:2)
  6 rats
55 creatures vanquished.

Notes
Turn   | Place    | Note
-------+----------+-------------------------------------------
     0 | D:1      | kae the Draconian Transmuter began the quest for the Orb.
     0 | D:1      | Reached XP level 1. HP: 16/16 MP: 3/3
   354 | D:1      | Reached XP level 2. HP: 6/23 MP: 5/5
  1296 | D:2      | Reached XP level 3. HP: 28/28 MP: 4/6
  1300 | D:2      | Learned a level 3 spell: Spider Form
  1355 | D:2      | Reached skill level 1 in Poison Magic
  1849 | D:2      | Found a faded altar of an unknown god.
  1852 | D:2      | Noticed Natasha
  1880 | D:1      | Killed Natasha
  1881 | D:1      | Reached XP level 4. HP: 27/35 MP: 8/8
  2139 | D:1      | Noticed Natasha
  2145 | D:1      | Killed Natasha
  3046 | D:1      | Noticed Natasha
  3059 | D:1      | Killed Natasha
  3984 | D:2      | Reached XP level 5. HP: 40/40 MP: 9/9
  4119 | D:3      | Identified a scroll of acquirement
  4119 | D:3      | Acquired 570 gold pieces
  4257 | D:3      | Found Narel's Armour Shoppe.
  4580 | D:3      | Learned a level 4 spell: Ice Form
  4624 | D:3      | Found a glowing drain.
  4630 | Sewer    | Entered a sewer
  4709 | Sewer    | Noticed Pargi
  4721 | Sewer    | HP: 1/40 [Pargi (5)]
  4721 | Sewer    | Slain by Pargi

Illustrated notes

Levels and vault maps discovered:
D:1:      dpeg_arrival_tiny_i, layout_loops_ring,
          chequers_serial_rivers_small_3, supply_closet_lemuel
D:2:      layout_loops_corners, hellmonk_ecumenical_altar_arch_garden,
          minmay_pentomino_pile, uniq_natasha
D:3:      layout_basic, lemuel_doored_altar, serial_shops,
          nicolae_shop_hallway_plus, nicolae_shop_waterfront, shop_statue,
          nicolae_shop_bloodbath_and_beyond, nicolae_shop_advertising_works
          [nicolae_subvault_shop_adworks], portal_sewer_entry_e
Sewer:    kennysheep_door_sewer

Skill      XL: |  1  2  3  4  5 |
---------------+----------------+-----
Transmutations | 3 |  3.1
Poison Magic   | 2 3 |  3.3
Spellcasting   | 3 |  3.3
Fighting       | |  1.1
Dodging        | |  1.7
Unarmed Combat | |  3.0
Ice Magic      | |  0.3

Action                   |  1- 3 |  4- 6 || total
-------------------------+-------+-------++-------
Melee: Short sword       |    82 |    32 ||   114
       Unarmed           |    11 |    40 ||    51
       Kick              |    12 |     2 ||    14
       Headbutt          |    10 |       ||    10
       Tailslap          |    11 |     1 ||    12
       Punch             |       |     1 ||     1
 Cast: Beastly Appendage |    24 |     6 ||    30
       Spider Form       |     1 |     6 ||     7
  Use: Scroll            |     4 |     6 ||    10
       Potion            |     1 |     1 ||     2
 Stab: Distracted        |       |     1 ||     1
Armor: Skin              |    25 |    11 ||    36
Dodge: Dodged            |    79 |    64 ||   143

Table legend: (Time is in decaauts)
 A = Elapsed time spent in this place.
 B = Non-inter-level travel time spent in this place.
 C = Inter-level travel time spent in this place.
 D = Time resting spent in this place.
 E = Time spent auto-exploring this place.
 F = Levels seen in this place.
 G = Mean time per level.
                   A        B        C        D        E       F      G
               +--------+--------+--------+--------+--------+-----+--------+
         Total |   4748 |   4677 |     71 |    193 |   3987 |   4 | 1187.0 |
       Dungeon |   4658 |   4587 |     71 |    193 |   3914 |   3 | 1552.7 |
         Sewer |     90 |     90 |      0 |      0 |     73 |   1 |   90.0 |
               +--------+--------+--------+--------+--------+-----+--------+

Top non-repeatable levels by time:
     D:1: 2898 daAuts
     D:2: 1245 daAuts
     D:3: 514 daAuts
   Sewer: 90 daAuts
